 Dungeon Crawl Stone Soup version 0.23-a0-408-g9d4b7ed (webtiles) character file.

16380 aurelian the Arsonist (level 11, -2/89 HPs)
             Began as a Demigod Fire Elementalist on Nov 8, 2018.
             Killed from afar by a bog body (27 damage)
             ... with a bolt of cold
             ... on level 2 of the Lair of Beasts.
             The game lasted 00:38:14 (18898 turns).

aurelian the Arsonist (Demigod Fire Elementalist)  Turns: 18898, Time: 00:38:15

Health: -2/89      AC:  9    Str: 13    XL:     11   Next: 80%
Magic:  10/27      EV: 16    Int: 30    God:
Gold:   267        SH:  4    Dex: 16    Spells: 13/26 levels left

rFire    . . .     SeeInvis .   a - +2 dagger (venom)
rCold    . . .     Gourm    .   (no shield)
rNeg     . . .     Faith    .   Q - +0 troll leather armour
rPois    .         Spirit   .   F - +0 helmet "Winiq" {Str+2 Int+2}
rElec    .         Reflect  +   x - +0 cloak
rCorr    .         Harm     .   (no gloves)
MR       +....                  A - +0 pair of boots
Stlth    +++.......             C - +4 amulet of reflection
HPRegen  0.64/turn              o - +2 ring of protection
MPRegen  0.20/turn              N - +3 ring of intelligence

@: no status effects
A: high mp 1
a: no special abilities


You were on level 2 of the Lair of Beasts.
You were very hungry.

You visited 3 branches of the dungeon, and saw 14 of its levels.

You collected 720 gold pieces.
You spent 453 gold pieces at shops.

Inventory:

Hand Weapons
 a - a +2 dagger of venom (weapon)
 t - a +2 falchion of protection
 H - a +0 hunting sling of freezing
 K - the +5 dagger of the Ancient Allies {freeze, rElec rN++}
   (You found it on level 9 of the Dungeon)

   It has been specially enchanted to freeze those struck by it, causing extra
   injury to most foes and up to half again as much damage against particularly
   susceptible opponents.
   It can also slow down cold-blooded creatures.
   It insulates you from electricity.
   It greatly protects you from negative energy.
Missiles
 j - 162 stones (quivered)
 s - 35 sling bullets
Armour
 n - a +0 robe
 x - a +0 cloak (worn)
 A - a +0 pair of boots (worn)
 F - the +0 helmet "Winiq" (worn) {Str+2 Int+2}
   (You bought it in a shop on level 8 of the Dungeon)

   It affects your strength (+2).
   It affects your intelligence (+2).
 G - +0 steam dragon scales
 J - a +1 hat
 Q - a +0 troll leather armour (worn)
Magical Staves
 b - an uncursed staff of conjuration
 u - an uncursed staff of cold
Jewellery
 o - a +2 ring of protection (left hand)
 C - a +4 amulet of reflection (around neck)
 N - a +3 ring of intelligence (right hand)
Wands
 g - a wand of iceblast (18)
 i - a wand of digging (5)
 q - a wand of acid (18)
 B - a wand of enslavement (17)
 R - a wand of paralysis (9)
Scrolls
 p - 5 scrolls of blinking
 r - 14 scrolls of teleportation
 v - 5 scrolls of remove curse
 y - a scroll of fog {unknown}
 D - 3 scrolls of magic mapping
 I - 3 scrolls of identify
 M - 3 scrolls of fear
 O - a scroll of silence
 P - a scroll of immolation
Potions
 d - a potion of mutation
 e - 4 potions of heal wounds
 f - 2 potions of agility
 h - 7 potions of curing
 k - 3 potions of invisibility
 l - a potion of degeneration
 m - 2 potions of might
 w - 3 potions of flight
 z - a potion of lignification
 E - a potion of magic
 L - 2 potions of brilliance
 S - a potion of haste {unknown}
Comestibles
 c - 24 rations


   Skills:
 + Level 6.0 Fighting
 - Level 2.0 Armour
 + Level 6.2 Dodging
 + Level 6.7 Stealth
 - Level 8.0 Spellcasting
 - Level 9.0 Conjurations
 - Level 9.0 Fire Magic


You had 13 spell levels left.
You knew the following spells:

 Your Spells              Type           Power        Failure   Level  Hunger
a - Flame Tongue          Conj/Fire      #####        1%          1    None
b - Conjure Flame         Conj/Fire      ######..     1%          3    None
c - Sticky Flame          Conj/Fire      ######..     1%          4    #......
d - Fireball              Conj/Fire      ######....   3%          5    ####...

Your spell library contained the following spells:

 Spells                   Type           Power        Failure   Level  Hunger
 Magic Dart               Conj           ####         1%          1    None
 Throw Flame              Conj/Fire      ######       1%          2    None
 Inner Flame              Hex/Fire       #####...     2%          3    None
 Mephitic Cloud           Conj/Pois/Air  ####....     4%          3    None
 Infusion                 Chrm           ##..         5%          1    None
 Poisonous Vapours        Pois/Air       ##....       9%          2    None
 Shroud of Golubria       Chrm/Tloc      ##........   9%          2    None
 Song of Slaying          Chrm           ##......     9%          2    None
 Fulminant Prism          Conj/Hex       #####.....   9%          4    #......
 Regeneration             Chrm/Necr      ##........   16%         3    None
 Spectral Weapon          Hex/Chrm       ##......     16%         3    None
 Yara's Violent Unravell  Hex/Tmut       ##........   83%         5    ####...
 Freezing Cloud           Conj/Ice/Air   ####......   94%         6    ######.
 Ring of Flames           Chrm/Fire      #####.....   100%        7    #######
 Discord                  Hex            ##........   100%        8    #######


Dungeon Overview and Level Annotations

Branches:
Dungeon (11/15)            Temple (1/1) D:4            Lair (2/6) D:10
    Orc (0/2) D:10
  Swamp: Lair:2-4    Shoals: Lair:2-4     Snake: Lair:2-4    Spider: Lair:2-4

Shops:
D:4 }   D:8 *

Annotations:
D:5 2 runed doors, bonscott's ghost, novice TeAE


Innate Abilities, Weirdness & Mutations

You have an increased reservoir of magic. (+10% MP)


Message History

The bog body closely misses you. The bog body completely misses you.
Unknown command.
Casting: Flame Tongue (safe; 1% risk of failure)
Confirm with . or Enter, or press ? or * to list all spells.
Aiming: Fireball (safe; 3% risk of failure)
Press: ? - help, Shift-Dir - straight line, f/p - bog body
Aim: a bog body (severely damaged)
Okay, then.
Casting: Fireball (safe; 3% risk of failure)
Confirm with . or Enter, or press ? or * to list all spells.
Aiming: Sticky Flame (safe; 1% risk of failure)
Press: ? - help, Shift-Dir - straight line, f/p - bog body
Aim: a bog body (severely damaged)
The sticky flame hits the bog body.
The bog body resists.
The bog body is almost destroyed.
The bog body is covered in liquid flames!
The bog body burns!
The bog body casts a spell at you. The bolt of cold hits you!
You die...

#...#.##...###.......#.##
##P..###......?.......#.#
##..####..............### ##....#
##.............#.### # #....###
#...............#.#### ###P.....#
##........###.....P.##
..##....P####.......#.##.......#.
..P#...................♣♣♣♣♣♣♣♣..
................@.♣♣♣♣♣ ♣♣♣
.......####P...n♣♣♣≈≈≈♣
..........##...⌠...♣.♣
............#..⌠..........
................♣♣♣≈≈≈♣♣≈≈
.................. ♣♣♣♣ ♣♣
.......................♣♣♣♣♣♣♣♣.#
...####.........#####............
....#..#.......(P #...........


You could see a bog body (burning).

Vanquished Creatures
  A hydra (Lair:1)
  An ugly thing (D:10)
  2 spiny frogs
  2 ice devils (Lair:1)
  A troll (D:10)
  4 hippogriffs
  5 blink frogs (Lair:1)
  Sigmund (D:4)
  A wraith (D:11)
  18 yaks
  5 hungry ghosts
  3 hogs (D:7)
  Grum (D:10)
  A human (D:7)
  A steam dragon (D:9)
  4 wargs (D:10)
  3 water moccasins
  4 porcupines (Lair:1)
  3 sky beasts
  9 orc warriors
  An ice beast (D:9)
  2 phantoms
  5 black bears
  3 wolves (D:10)
  8 ogres
  4 crocodiles
  4 centaurs
  A big kobold (D:10)
  10 bullfrogs
  A gnoll sergeant (D:9)
  A scorpion (D:5)
  20 killer bees
  A howler monkey (D:4)
  7 crimson imps
  A quasit (D:7)
  3 hounds
  6 orc priests
  2 gnoll shamans
  2 jellies
  3 bullfrog skeletons
  3 iguanas
  8 orc wizards
  Terence (D:3)
  5 worker ants
  A killer bee zombie (D:7)
  2 hound zombies
  2 hound skeletons
  17 gnolls
  A howler monkey skeleton (D:9)
  9 adders
  2 shadow imps
  3 oozes
  An adder zombie (D:6)
  6 worms
  2 dart slugs
  7 leopard geckos
  37 orcs
  2 ball pythons
  5 giant cockroaches
  13 hobgoblins
  16 jackals
  A quokka (D:9)
  9 bats
  8 frilled lizards
  10 goblins
  A jackal skeleton (D:9)
  10 kobolds
  7 rats
344 creatures vanquished.

Vanquished Creatures (others)
  A quokka (D:8)
  2 fungi (Lair:2)
3 creatures vanquished.

Grand Total: 347 creatures vanquished

Notes
Turn   | Place    | Note
-------+----------+-------------------------------------------
     0 | D:1      | aurelian the Demigod Fire Elementalist began the quest for
                  | the Orb.
     0 | D:1      | Reached XP level 1. HP: 14/14 MP: 5/5
    23 | D:1      | Reached skill level 1 in Conjurations
   281 | D:1      | Reached XP level 2. HP: 20/20 MP: 2/7
   789 | D:1      | Reached XP level 3. HP: 17/26 MP: 4/8
  1740 | D:2      | Learned a level 3 spell: Conjure Flame
  2560 | D:2      | Reached XP level 4. HP: 29/33 MP: 7/10
  3111 | D:3      | Noticed Terence
  3122 | D:3      | Killed Terence
  3596 | D:3      | Found a shimmering altar of Xom.
  3597 | D:3      | Found a hazy altar of Hepliaklqana.
  3597 | D:3      | Noticed a titan simulacrum
  3598 | D:3      | Noticed a spectral ugly thing
  3598 | D:3      | Noticed a titan simulacrum
  3605 | D:3      | Found a blossoming altar of Fedhas.
  3836 | D:3      | Learned a level 4 spell: Sticky Flame
  3850 | D:3      | Reached XP level 5. HP: 38/38 MP: 9/11
  3983 | D:3      | Found a faded altar of an unknown god.
  4959 | D:4      | Found a radiant altar of Vehumet.
  4965 | D:4      | Noticed an ogre
  4966 | D:4      | Identified Vehumet's Handbook of Conjuration
  4976 | D:4      | Killed an ogre
  4976 | D:4      | Reached XP level 6. HP: 45/45 MP: 5/13
  5092 | D:4      | Found an ancient bone altar of Kikubaaqudgha.
  5093 | D:4      | Found a deep blue altar of Sif Muna.
  5355 | D:4      | Reached skill level 5 in Fire Magic
  5405 | D:4      | Noticed Sigmund
  5414 | D:4      | Found a glowing golden altar of the Shining One.
  5417 | D:4      | Found Uxkial's Gadget Shoppe.
  5446 | D:4      | Found a staircase to the Ecumenical Temple.
  5453 | Temple   | Entered the Ecumenical Temple
  5830 | D:4      | Found an opulent altar of Gozag.
  5902 | D:4      | Bought a wand of iceblast (7) for 143 gold pieces
  5906 | D:4      | Found a basalt altar of Yredelemnul.
  6005 | D:4      | Reached XP level 7. HP: 16/50 MP: 7/15
  6604 | D:4      | Killed Sigmund
  6604 | D:4      | Reached skill level 5 in Conjurations
  6788 | D:4      | Learned a level 5 spell: Fireball
  6789 | D:4      | Found a stormy altar of Qazlal.
  7009 | D:5      | Entered Level 5 of the Dungeon
  7659 | D:5      | Found a large runed door.
  7659 | D:5      | Found a large runed door.
  7663 | D:5      | Noticed bonscott's ghost (novice TeAE)
  7800 | D:5      | Reached XP level 8. HP: 56/57 MP: 10/17
  9273 | D:7      | Found a sacrificial altar of Ru.
 10127 | D:7      | Noticed a hippogriff
 10678 | D:7      | Reached XP level 9. HP: 62/62 MP: 7/19
 10870 | D:7      | Reached skill level 5 in Spellcasting
 11570 | D:8      | Found an ornate altar of the Wu Jian Council.
 11899 | D:8      | Found Xaeheat's General Store.
 12133 | D:8      | Bought the +0 helmet "Winiq" {Str+2 Int+2} for 238 gold
                  | pieces
 12133 | D:8      | Bought a scroll of teleportation for 36 gold pieces
 12133 | D:8      | Bought a scroll of teleportation for 36 gold pieces
 12542 | D:8      | Reached XP level 10. HP: 47/70 MP: 11/22
 12618 | D:8      | Found an opulent altar of Gozag.
 12636 | D:8      | Found a bloodstained altar of Trog.
 12658 | D:8      | Found a white marble altar of Elyvilon.
 12708 | D:8      | Reached skill level 1 in Fighting
 13314 | D:8      | Found a burning altar of Makhleb.
 13812 | D:9      | Identified the +5 dagger of the Ancient Allies {freeze,
                  | rElec rN++} (You found it on level 9 of the Dungeon)
 13814 | D:9      | Identified a scroll of acquirement
 13814 | D:9      | Identified the Collected Works on Malediction (You acquired
                  | it on level 9 of the Dungeon)
 13972 | D:9      | Found a shadowy altar of Dithmenos.
 14486 | D:9      | Found a deep blue altar of Sif Muna.
 14549 | D:10     | Entered Level 10 of the Dungeon
 14594 | D:10     | Found a staircase to the Orcish Mines.
 15254 | D:10     | Noticed a green ugly thing
 15269 | D:10     | Killed a green ugly thing
 15375 | D:10     | Found a staircase to the Lair.
 15375 | D:10     | Noticed Grum
 15458 | D:10     | Killed Grum
 15738 | D:10     | Reached XP level 11. HP: 84/84 MP: 19/25
 16128 | Lair:1   | Entered Level 1 of the Lair of Beasts
 16170 | Lair:1   | Reached skill level 5 in Stealth
 16171 | Lair:1   | Reached skill level 1 in Armour
 16304 | Lair:1   | Noticed a seven-headed hydra
 16314 | Lair:1   | Killed a seven-headed hydra
 16314 | Lair:1   | Reached skill level 5 in Dodging
 16887 | Lair:1   | Reached skill level 5 in Fighting
 18898 | Lair:2   | Killed from afar by a bog body

Vault maps used:
D:1:      ncdulo_watergridlock
D:2:      item_on_display_a
D:3:      regret_index_temple_of_mockery, fedhas_altar_3,
          chequers_ecumenical_altar_simple_redux, first_ration,
          minmay_misc_feat_x, uniq_terence
D:4:      grunt_temple_overflow_magic_moments, grunt_gozag_breadcrumbs,
          marbit_many_paths, yredelemnul_altar_generic,
          minmay_temple_entry_mist, serial_shops, shop, nicolae_zen_rock_garden,
          chequers_serial_rivers_micro_e, lemuel_altar_in_water, uniq_sigmund
D:5:      ebering_ghost_disaster_area, serial_park_tiny_2
D:7:      nicolae_ru_awakened_eye, grunt_livestock
D:8:      kennysheep_little_box, kennysheep_mini, makhleb_grotto_becter,
          serial_shops, shop_statue, special_room, basic_altar,
          grunt_decor_fettered, elyvilon_altar_4
D:9:      basic_altar, lemuel_blue_sif_altar
D:10:     erik_lair_orcish_takeover, david_orc_1_choice, uniq_grum
D:11:     serial_glass, glass_columns_c, glass_columns_a, serial_shops,
          nicolae_shop_waterfront
Temple:   dpeg_three_leaves_temple
Lair:1:   portal_ice_cave_demonic_guard, grunt_megastairs_3,
          infiniplex_staircase_pool_2
Lair:2:   nicolae_swamp_entry_splash_gauntlet, special_room,
          lemuel_fruit_fields, lemuel_fruit_fields

Skill      XL: |  1  2  3  4  5  6  7  8  9 10 11 |
---------------+----------------------------------+-----
Conjurations   | 1 2 3 4 5 7 8 9 |  9.0
Fire Magic     | 3 4 5 6 7 9 |  9.0
Spellcasting   | 2 3 4 5 7 8 |  8.0
Fighting       | 4 6 |  6.0
Dodging        | 4 6 |  6.2
Stealth        | 4 6 |  6.7
Armour         | 2 |  2.0

Action                   |  1- 3 |  4- 6 |  7- 9 | 10-12 || total
-------------------------+-------+-------+-------+-------++-------
Melee: Dagger            |    13 |    57 |    79 |   156 ||   305
       Staff             |       |       |       |     2 ||     2
 Fire: Hunting sling     |       |       |    54 |       ||    54
Throw: Stone             |       |     5 |     2 |     1 ||     8
 Cast: Flame Tongue      |    91 |   124 |   190 |   276 ||   681
       Conjure Flame     |       |     2 |     1 |    10 ||    13
       Sticky Flame      |       |       |    29 |    45 ||    74
       Fireball          |       |       |     2 |    15 ||    17
Evoke: Wand              |       |       |     1 |     1 ||     2
  Use: Scroll            |     1 |     5 |    10 |    10 ||    26
       Potion            |       |     1 |     1 |       ||     2
 Stab: Sleeping          |       |     1 |     1 |     1 ||     3
  Eat: Chunk             |     5 |    11 |     5 |    24 ||    45
       Ration            |       |       |     7 |     1 ||     8
Armor: Robe              |     1 |     9 |    43 |    22 ||    75
       Steam dragon scal |       |       |       |    31 ||    31
       Troll leather arm |       |       |       |    24 ||    24
Dodge: Dodged            |    18 |    47 |   120 |   166 ||   351
Block: Other             |       |       |    10 |    41 ||    51
       Reflection        |       |       |     1 |     1 ||     2

Table legend:
 A = Non-vault XP
 B = Vault XP
 C = Vault XP percentage of total XP
 D = Non-vault monster count
 E = Vault monster count
 F = Vault count percentage of total count
                 A         B        C        D         E       F
            +---------+---------+-------+---------+---------+-------
      Total |   17671 |    5730 |  24.5 |     288 |      56 |  16.3
            +---------+---------+-------+---------+---------+-------
        D:1 |      66 |       0 |   0.0 |      34 |       0 |   0.0
        D:2 |      57 |       0 |   0.0 |      26 |       0 |   0.0
        D:3 |     117 |      32 |  21.5 |      31 |       1 |   3.1
        D:4 |     728 |     223 |  23.4 |      17 |       1 |   5.6
        D:5 |     476 |       0 |   0.0 |      12 |       0 |   0.0
        D:6 |     405 |       0 |   0.0 |      15 |       0 |   0.0
        D:7 |    1744 |     974 |  35.8 |      22 |       5 |  18.5
        D:8 |    2286 |     536 |  19.0 |      38 |      19 |  33.3
        D:9 |    1565 |       0 |   0.0 |      29 |       0 |   0.0
       D:10 |    2504 |    1948 |  43.8 |      24 |      22 |  47.8
       D:11 |     205 |       0 |   0.0 |       1 |       0 |   0.0
     Lair:1 |    5757 |    1702 |  22.8 |      30 |       3 |   9.1
     Lair:2 |    1761 |     315 |  15.2 |       9 |       5 |  35.7
            +---------+---------+-------+---------+---------+-------
